AoeStats
← Namely

Arena

509800941Analyzed
3v3 RM · 5d ago on Sep 28, 2026· 21m 20s· 6 players
Game mode
Random Map
Map size
Normal (6 player)
Population
200
Speed
Normal
Resources
Standard
Victory
Conquest
Starting age
Dark Age
Ending age
Imperial Age
RankedLock teamsTeams togetherTeam positionsShared explorationLock speedFull tech treeHidden civsTurbo modeCheats
Victory
Defeat
🇦🇷 Danes · Argentina
1007
+13
🇦🇷 Celts · Argentina
1000
+14
🇮🇩 Japanese · Indonesia
970
+15
🇺🇸 Romans · United States
985
-16
🇺🇸 Goths · United States
953
-14
🇺🇸 Spanish · United States
909
-12
FireNova
11:33 Feudal Age
11:07 Loom
15:54 Castle Age
14:03 Double-Bit Axe
15:40 Fletching
15:46 Gold Mining
16:19 Scale Mail Armor
17:08 Forging
GUASON_
10:27 Feudal Age
14:35 Castle Age
12:39 Double-Bit Axe
12:40 Horse Collar
13:47 Gold Mining
14:54 Forging
15:43 Town Watch
17:00 Bow Saw
19:05 Scale Barding Armor
21:05 Heavy Plow
DekaJe
0:35 Loom
11:08 Feudal Age
15:35 Castle Age
14:36 Double-Bit Axe
15:15 Horse Collar
20:12 Fletching
Namely
0:38 Loom
12:48 Feudal Age
13:21 Double-Bit Axe
18:59 Castle Age
16:47 Horse Collar
20:04 Bow Saw
19:37 Pikeman
20:17 Squires
20:50 Man-at-Arms
Havoc AD
0:29 Loom
11:44 Feudal Age
15:32 Town Watch
18:34 Wheelbarrow
18:28 Stone Mining
19:14 Gold Mining
nlyon02
0:34 Loom
10:10 Feudal Age
13:26 Wheelbarrow
14:11 Horse Collar
16:45 Double-Bit Axe
Connection lost

Rejoining the realm…

Still unreachable

The connection could not be restored.

Session expired

The server has moved on; the page needs a fresh start.